 Dungeon Crawl Stone Soup version 0.18.1-8-gdd0e5ea (webtiles) character file.

1806 sugabear the Ducker (level 9, -10/45 HPs)
             Began as a Vine Stalker Gladiator on June 12, 2016.
             Was an Initiate of the Shining One (penitent).
             Mangled by an orc warrior
             ... wielding a +0 halberd
              (14 damage)
             ... on level 7 of the Dungeon.
             The game lasted 00:09:47 (5826 turns).

sugabear the Ducker (Vine Stalker Gladiator)        Turns: 5826, Time: 00:09:47

Health: -10/45     AC:  4    Str: 18    XL:     9   Next: 9%
Magic:  0/10       EV: 16    Int:  8    God:    the Shining One [*]
Gold:   438        SH:  0    Dex: 18    Spells: 0 memorised, 8 levels left

rFire  . . .     SeeInvis .     m - +3 short sword
rCold  + . .     Gourm    .     b - +0 leather armour
rNeg   . . .     Faith    .     (no shield)
rPois  .         Spirit   +     c - +0 helmet
rElec  .         Dismiss  .     (no cloak)
rCorr  .         Reflect  .     (no gloves)
SustAt .         Harm     .     (no boots)
MR     +....                    (no amulet)
Stlth  +++.......               (no ring)
                                y - ring of protection from cold

@: somewhat resistant to hostile enchantments, fairly stealthy
A: fangs 3, regeneration 2, magic shield, antimagic bite, no device heal 3, rot
immunity
a: Renounce Religion


You were on level 7 of the Dungeon.
You worshipped the Shining One.
The Shining One was demanding penance.
You were not hungry.

You visited 2 branches of the dungeon, and saw 8 of its levels.

You collected 438 gold pieces.

Inventory:

Hand Weapons
 a - a +2 flail of protection
 m - a +3 short sword (weapon)
 x - a +1 whip of venom
 z - a +1 flail of crushing
 A - a +0 dagger of venom
Missiles
 d - 3 throwing nets (quivered)
Armour
 b - a +0 leather armour (worn)
 c - a +0 helmet (worn)
 w - a +2 robe of fire resistance
 D - a +2 helmet
Jewellery
 y - a ring of protection from cold (left hand)
 B - an uncursed ring of magical power {unknown}
 H - an uncursed ring of see invisible {unknown}
Scrolls
 e - 2 scrolls of fear {unknown}
 k - 4 scrolls of magic mapping {unknown}
 v - 5 scrolls of identify {unknown}
 C - a scroll of random uselessness {unknown}
 E - a scroll of blinking {unknown}
 G - a scroll of immolation {unknown}
 I - a scroll of holy word {unknown}
 J - a scroll of recharging {unknown}
 K - a scroll of remove curse {unknown}
 L - a scroll of enchant weapon {unknown}
 M - a scroll of noise {unknown}
Potions
 h - 2 potions of haste {unknown}
 i - 2 potions of brilliance {unknown}
 j - 3 potions of degeneration {unknown}
 l - a potion of ambrosia {unknown}
 n - a potion of curing
 o - 3 potions of flight {unknown}
 q - 2 potions of agility
 r - a potion of berserk rage {unknown}
 u - a potion of might {unknown}
Books
 F - a book of Beasts

   Spells                             Type                      Level
   a - Summon Butterflies             Summoning                    1
   b - Call Canine Familiar           Summoning                    3
   c - Summon Ice Beast               Ice/Summoning                4
   d - Summon Mana Viper              Hexes/Summoning              5
   e - Summon Hydra                   Summoning                    7
Comestibles
 f - 5 bread rations
 g - a slice of pizza
 p - 4 fruits
 s - 4 meat rations
 t - a beef jerky


   Skills:
 + Level 4.2 Fighting
 + Level 5.2 Short Blades
 + Level 2.2 Throwing
 + Level 3.9 Armour
 + Level 6.4 Dodging
 + Level 4.0 Stealth


You had 8 spell levels left.
You didn't know any spells.

Dungeon Overview and Level Annotations

Branches:
Dungeon (7/15)             Temple (1/1) D:6

Altars:
Ashenzari
Cheibriados
Dithmenos
Elyvilon
Fedhas
Gozag
Kikubaaqudgha
Nemelex Xobeh
Okawaru
Pakellas
Qazlal
Ru
Sif Muna
Trog
Vehumet
Xom
Yredelemnul
Zin
The Shining One


Innate Abilities, Weirdness & Mutations

You have razor-sharp teeth.
You heal very quickly.
When hurt, damage is shared between your health and your magic reserves.
Your bite disrupts and absorbs the magic of your enemies.
Potions and wands cannot restore your health.
You are immune to rotting.


Message History

You kill the orc!
The orc warrior misses you.
An orc comes into view. It is wielding a club.
You see here an orc corpse.
The orc shouts!
You hit the orc warrior.
The orc warrior is lightly wounded.
The orc warrior hits you with a halberd.
You closely miss the orc warrior. Your bite misses the orc warrior.
The orc warrior is lightly wounded.
The orc warrior hits you with a halberd!!
You closely miss the orc warrior.
You bite the orc warrior, but do no damage.
The orc warrior is lightly wounded.
The orc warrior hits you with a halberd!
* * * LOW HITPOINT WARNING * * *
The orc hits you with a club.
* * * LOW HITPOINT WARNING * * *
The orc warrior hits you from afar with a halberd!
You die...

... #.# #.# #.. #.# #.#
#..##.# #.#
###..##.###.# ..
...........# #.##
#..##.##..# #
....##..##.##..###.#.###
.....>........@†o......
#..#...........o......
###.#..##.##..###.#...#
#.............## .# ..#
+......##....... . #
#....#.##..#..### ##
#...............
#....#..........
#......)...#.#


You could see an orc warrior and an orc.

Vanquished Creatures
  Edmund (D:4)
  An orc warrior (D:6)
  2 sky beasts
  A phantom (D:5)
  4 ogres
  A centaur (D:5)
  A giant frog (D:3)
  A scorpion (D:4)
  A howler monkey (D:4)
  A crimson imp (D:6)
  A jelly (D:6)
  3 orc priests
  2 giant frog skeletons (D:4)
  Ijyb (D:3)
  3 iguanas
  3 orc wizards
  A worker ant (D:4)
  2 worker ant zombies
  Robin (D:4)
  7 adders
  8 gnolls
  An ooze (D:2)
  An adder skeleton (D:6)
  3 worms (D:2)
  4 dart slugs
  5 giant geckos
  14 orcs
  4 ball pythons
  6 giant cockroaches
  15 goblins
  6 hobgoblins
  19 jackals
  10 kobolds
  2 quokkas
  12 bats
  A giant cockroach zombie (D:3)
  7 giant newts
  A jackal skeleton (D:4)
  5 rats
162 creatures vanquished.

Notes
Turn   | Place    | Note
--------------------------------------------------------------
     0 | D:1      | sugabear the Vine Stalker Gladiator began the quest for the Orb.
     0 | D:1      | Reached XP level 1. HP: 11/11 MP: 2/2
    95 | D:1      | Reached XP level 2. HP: 15/15 MP: 3/3
  1056 | D:2      | Reached XP level 3. HP: 18/18 MP: 4/4
  1510 | D:2      | Reached skill level 3 in Dodging
  1542 | D:2      | Reached XP level 4. HP: 23/23 MP: 5/5
  1550 | D:2      | Reached skill level 1 in Armour
  1895 | D:3      | Noticed a giant frog
  1911 | D:3      | HP: 1/23 [giant frog (1)]
  1912 | D:3      | Killed a giant frog
  1912 | D:3      | Reached skill level 1 in Stealth
  1912 | D:3      | Reached XP level 5. HP: 1/27 MP: 1/6
  2030 | D:3      | Found an opulent altar of Gozag.
  2346 | D:3      | Gained mutation: You heal very quickly. [Vine Stalker growth]
  2346 | D:3      | Reached XP level 6. HP: 31/32 MP: 7/7
  2638 | D:3      | Noticed Ijyb
  2644 | D:3      | Killed Ijyb
  2787 | D:3      | Reached skill level 4 in Dodging
  3127 | D:4      | Found a glowing silver altar of Zin.
  3127 | D:4      | Noticed Edmund
  3129 | D:4      | Found a blossoming altar of Fedhas.
  3152 | D:4      | Killed Edmund
  3152 | D:4      | Reached XP level 7. HP: 4/35 MP: 2/8
  3158 | D:4      | HP: 1/35 [giant newt (1)]
  3163 | D:4      | HP: 1/35 [poisoned by a worker ant]
  3248 | D:4      | Found a bloodstained altar of Trog.
  3421 | D:4      | Reached skill level 5 in Dodging
  3648 | D:4      | Found a radiant altar of Vehumet.
  3658 | D:4      | Found a shattered altar of Ashenzari.
  3722 | D:4      | Noticed Robin
  3741 | D:4      | Killed Robin
  3741 | D:4      | Gained mutation: You have razor-sharp teeth. [Vine Stalker growth]
  3741 | D:4      | Reached XP level 8. HP: 31/40 MP: 9/9
  3914 | D:4      | Found a sparkling altar of Nemelex Xobeh.
  4064 | D:5      | Entered Level 5 of the Dungeon
  4685 | D:6      | Reached skill level 6 in Dodging
  4735 | D:5      | Reached skill level 5 in Short Blades
  4834 | D:6      | Found a staircase to the Ecumenical Temple.
  4845 | Temple   | Entered the Ecumenical Temple
  4945 | Temple   | Became a worshipper of the Shining One
  5060 | D:6      | Reached XP level 9. HP: 8/45 MP: 3/10
  5060 | D:6      | Was placed under penance by the Shining One
  5324 | D:6      | Found a sparkling altar of Nemelex Xobeh.
  5753 | D:6      | Noticed an eight-headed hydra
  5826 | D:7      | Mangled by an orc warrior

Skill      XL: |  1  2  3  4  5  6  7  8  9 |
---------------+----------------------------+-----
Fighting       | 2 3 4 |  4.2
Throwing       | 2 |  2.2
Short Blades   | 3 4 5 |  5.2
Dodging        | 3 4 5 6 |  6.4
Armour         | 1 2 3 |  3.9
Stealth        | 1 2 3 4 |  4.0

Action                   |  1- 3 |  4- 6 |  7- 9 || total
-------------------------+-------+-------+-------++-------
Melee: Rapier            |    82 |   113 |       ||   195
       Bite              |    23 |    71 |    88 ||   182
       Short sword       |       |   126 |   275 ||   401
Throw: Throwing net      |       |     1 |     4 ||     5
  Use: Potion            |       |       |     2 ||     2
 Stab: Sleeping          |       |     4 |     2 ||     6
       Held in net/web   |       |       |     1 ||     1
  Eat: Chunk             |     2 |     5 |     5 ||    12
       Beef jerky        |       |       |     3 ||     3
Armor: Leather armour    |    23 |    73 |    37 ||   133
Dodge: Dodged            |    61 |   201 |   188 ||   450
